 Dungeon Crawl Stone Soup version 0.28.0-53-g5a82cb258f (webtiles) character file.

Game seed: 7602634252725594422

969 Gabide the Skirmisher (level 7, 0/60 HPs)
             Began as a Mummy Berserker on June 19, 2022.
             Was a Believer of Trog.
             Slain by Prince Ribbit (3 damage)
             ... on level 5 of the Dungeon.
             The game lasted 00:05:39 (5444 turns).

Gabide the Skirmisher (Mummy Berserker)             Turns: 5444, Time: 00:05:39

Health: 0/60       AC:  8    Str: 22    XL:     7   Next: 94%
Magic:  7/7        EV: 15    Int:  6    God:    Trog [**....]
Gold:   164        SH:  0    Dex: 12    Spells: 6/6 levels left

rFire   x . .      SeeInvis .     - Unarmed
rCold   + . .      Faith    .   (no shield)
rNeg    + + +      Spirit   .   a - +2 ring mail
rPois   ∞          Reflect  .   g - +0 helmet
rElec   .          Harm     .   (no cloak)
rCorr   .          Rampage  .   (no gloves)
Will    ++...                   (no boots)
Stlth   +.........              (no amulet)
HPRegen 1.20/turn               h - +4 ring of evasion
MPRegen 0.10/turn               k - ring of flight

@: strong-willed, flying, regenerating
A: cold resistance 1, negative energy resistance 3, torment resistance 2, heat
vulnerability 1, no potions
a: Renounce Religion, Trog's Hand


You were on level 5 of the Dungeon.
You worshipped Trog.
Trog was pleased with you.
You visited 1 branch of the dungeon, and saw 5 of its levels.

You collected 164 gold pieces.

Inventory:

Missiles
 e - 4 boomerangs
Armour
 a - a +2 ring mail (worn)
 g - a +0 helmet (worn)
Jewellery
 h - a +4 ring of evasion (left hand)
 k - a ring of flight (right hand)
Scrolls
 b - a scroll of noise
 c - a scroll of magic mapping
 d - a scroll of teleportation
 f - 2 scrolls of silence
 i - a scroll of enchant weapon
 j - a scroll of vulnerability {unknown}
 l - a scroll of enchant armour
 m - a scroll of immolation {unknown}


   Skills:
 + Level 7.1 Fighting
 - Level 1.5 Armour
 - Level 1.5 Dodging
 + Level 5.9 Unarmed Combat


You had 6 spell levels left.
You didn't know any spells.
Your spell library was empty.

Dungeon Overview and Level Annotations

Branches:
Dungeon (5/15)
 Temple: D:4-7

Altars:
Elyvilon
Yredelemnul

Shops:
D:1 =   D:3 !:

Annotations:
D:4 3 runed translucent doors, PentaManta's ghost, novice GrBe
D:5 Prince Ribbit


Innate Abilities, Weirdness & Mutations

You are immune to poison.
Your flesh is cold resistant. (rC+)
You are immune to negative energy. (rN+++)
You are immune to unholy pain and torment.
You are vulnerable to heat. (rF-)
You do not drink.


Message History

You hit Prince Ribbit.
Prince Ribbit is heavily wounded.
Prince Ribbit misses you.
You punch Prince Ribbit!
Prince Ribbit is severely wounded.
Prince Ribbit hits you. Prince Ribbit hits you!
You miss Prince Ribbit.
Prince Ribbit is severely wounded.
Prince Ribbit blinks!
You punch Prince Ribbit!
Prince Ribbit is almost dead.
Prince Ribbit hits you!
You are too injured to fight recklessly!
You are too injured to fight recklessly!
You are too injured to fight recklessly!
You are too injured to fight recklessly!
You are too injured to fight recklessly!
You are too injured to fight recklessly!
You are too injured to fight recklessly!
You are too injured to fight recklessly!
You are too injured to fight recklessly!
You are too injured to fight recklessly!
You are too injured to fight recklessly!
You are too injured to fight recklessly!
You are too injured to fight recklessly!
You are too injured to fight recklessly!
You are too injured to fight recklessly!
You are too injured to fight recklessly!
You are too injured to fight recklessly!
You hit Prince Ribbit but do no damage.
Prince Ribbit is almost dead.
Prince Ribbit hits you!
* * * LOW HITPOINT WARNING * * *
Prince Ribbit hits you!
* * * LOW HITPOINT WARNING * * *
Your skin crawls.
You feel strong-willed.
Prince Ribbit croaks regally.
Prince Ribbit hits you.
You die...

########.###########
. #.#.# #...# #...#
#.#.# ###.#
#.#.##### #.#
#........ ###.#
#....F.<. #...# #.#
#.#.#######.#
#.#.....F@..#
#.#####.##.##
#.......##.#
#.!####.##.#######
.................#
##########........
#######..


You could see Prince Ribbit.

Vanquished Creatures
  Grinder (D:5)
  A water moccasin (D:4)
  An ogre (D:5)
  Blork the orc (D:4)
  A scorpion (D:4)
  A water moccasin skeleton (D:5)
  An orc priest (D:5)
  2 bullfrog skeletons (D:5)
  Terence (D:3)
  3 iguanas
  2 orc wizards
  A hound zombie (D:5)
  6 adders
  An ufetubus (D:4)
  3 worms
  A dart slug (D:1)
  11 orcs
  3 endoplasms
  6 giant cockroaches
  4 goblins
  5 hobgoblins
  6 jackals (D:3)
  4 quokkas
  6 ball pythons
  4 bats
  6 kobolds
  4 rats
86 creatures vanquished.

Notes
Turn   | Place    | Note
-------+----------+-------------------------------------------
     0 | D:1      | Gabide the Mummy Berserker began the quest for the Orb.
     0 | D:1      | Reached XP level 1. HP: 18/18 MP: 1/1
     6 | D:1      | Found Ifa Miobb's Jewellery Boutique.
   134 | D:1      | Found a faded altar of an unknown god.
   377 | D:1      | Reached XP level 2. HP: 24/24 MP: 2/2
   973 | D:2      | Reached XP level 3. HP: 29/29 MP: 3/3
  1028 | D:2      | Found a basalt altar of Yredelemnul.
  1568 | D:3      | Reached ** piety under Trog
  1711 | D:3      | Noticed Terence
  1728 | D:3      | Found Monweisa's Distillery.
  1945 | D:3      | Reached skill level 4 in Fighting
  2026 | D:3      | Reached XP level 4. HP: 21/37 MP: 4/4
  2212 | D:3      | Found Hubuvit's Book Emporium.
  2910 | D:3      | Killed Terence
  3414 | D:4      | Noticed a scorpion
  3426 | D:4      | Killed a scorpion
  3427 | D:4      | Reached XP level 5. HP: 37/43 MP: 5/5
  3601 | D:4      | Found a runed translucent gate.
  3601 | D:4      | Found a runed translucent gate.
  3601 | D:4      | Found a runed translucent gate.
  3602 | D:4      | Noticed PentaManta's ghost (novice GrBe)
  3652 | D:4      | Noticed Blork the orc
  4000 | D:4      | Reached skill level 5 in Fighting
  4027 | D:4      | Killed Blork the orc
  4028 | D:4      | Reached XP level 6. HP: 10/51 MP: 6/6
  4614 | D:5      | Entered Level 5 of the Dungeon
  4614 | D:5      | Noticed Grinder
  4614 | D:5      | Noticed a water moccasin
  4631 | D:4      | Killed a water moccasin
  4675 | D:5      | Paralysed by Grinder for 3 turns
  4681 | D:5      | Killed Grinder
  4682 | D:5      | Reached skill level 6 in Fighting
  4682 | D:5      | Reached skill level 5 in Unarmed Combat
  4682 | D:5      | Reached XP level 7. HP: 52/58 MP: 7/7
  5040 | D:5      | Reached skill level 7 in Fighting
  5424 | D:5      | Noticed Prince Ribbit
  5443 | D:5      | HP: 1/60 [Prince Ribbit (12)]
  5444 | D:5      | Slain by Prince Ribbit

Illustrated notes

Levels and vault maps discovered:
D:1:      psy_arrival_dodecagon, layout_basic, serial_shops, shop,
          shapermc_ecumenical_altar_mp_highgroup
D:2:      layout_rooms, basic_altar
D:3:      layout_loops_ring, serial_shops, shop, nicolae_shop_advertising_works
          [nicolae_subvault_shop_adworks], serial_co_window_serial,
          co_window_of_opportunity_a, co_window_paths_b, co_window_corner_a,
          co_window_paths_b, co_window_paths_a, co_window_paths_b,
          co_window_corner_b, co_window_of_opportunity_b, co_window_broadway_a,
          co_window_corner_b, co_window_corner_b, co_window_2corner,
          glass_columns_c, glass_columns_b, glass_columns_a,
          minmay_tree_intersection, chequers_serial_rivers_room_b,
          minmay_randomly_rotated_circles, uniq_terence
D:4:      layout_basic, kennysheep_mini, gammafunk_ghost_necromancy,
          fountainhead, uniq_blork_the_orc
D:5:      minmay_recursive_quarters, layout_loops_ring, uniq_grinder,
          uniq_prince_ribbit1, uniq_ijyb

Skill      XL: |  1  2  3  4  5  6  7 |
---------------+----------------------+-----
Unarmed Combat | 3 4 5 |  5.9
Fighting       | 4 5 6 7 |  7.1
Armour         | |  1.5
Dodging        | |  1.5

Action                   |  1- 3 |  4- 6 |  7- 9 || total
-------------------------+-------+-------+-------++-------
Melee: Unarmed           |   161 |   174 |    95 ||   430
       Punch             |     4 |     4 |     2 ||    10
Invok: Trog's Hand       |       |     2 |     1 ||     3
Evoke: Wand              |       |     2 |     3 ||     5
  Use: Scroll            |     4 |     7 |     1 ||    12
Armor: Animal skin       |     1 |       |       ||     1
       Ring mail         |    52 |    36 |    25 ||   113
       Leather armour    |     3 |       |       ||     3
Dodge: Dodged            |   100 |    81 |    65 ||   246
